 Dungeon Crawl Stone Soup version 0.30.1-9-gdf580d7c3d (webtiles) character file.

Game seed: 7977426815498261740

60 Ninjinzu the Insei (level 4, 0/32 HPs)
             Began as a Djinni Transmuter on Oct 1, 2023.
             Slain by Pargi (4 damage)
             ... on level 3 of the Dungeon.
             The game lasted 00:07:52 (2482 turns).

Ninjinzu the Insei (Djinni Transmuter)              Turns: 2482, Time: 00:07:53

Health: 0/32       AC:  6    Str:  9    XL:     4   Next: 24%
Gold:   103        EV: 10    Int: 17    God:
                   SH:  0    Dex: 13

rFire   + +          .
                       - Unarmed
rCold   x . .        (no shield)
rNeg    . . .        h - +0 ring mail {Will+}
rPois   ∞            (no helmet)
rElec   .            (no cloak)
rCorr   .            d - +0 pair of gloves
SInv    .            (boots unavailable)
Will    +....        (no amulet)
Stlth   +            (no ring)
HPRegen 0.25/turn    (no ring)
MPRegen 0.00/turn

%: infuse magic (-1 HP)
@: brilliant, flying, very slightly contaminated
A: sickness immunity, fire resistance 2, cold vulnerability 1, float, innate
caster, HP casting, extra vitality 1
a: no special abilities


You were on level 3 of the Dungeon.
You visited 1 branch of the dungeon, and saw 3 of its levels.

You collected 103 gold pieces.

Inventory:

Armour
 a - a +0 robe
 d - a +0 pair of gloves (worn)
 h - a +0 ring mail of willpower (worn)
Scrolls
 e - a scroll of magic mapping {unknown}
 k - a scroll of identify {unknown}
 l - a scroll of fog {unknown}
 m - a scroll of fear {unknown}
Potions
 b - a potion of lignification
 f - a potion of haste {unknown}
 g - a potion of brilliance
 i - a potion of ambrosia {unknown}
 j - a potion of degeneration {unknown}


   Skills:
 + Level 1.2 Fighting
 + Level 0.1 Armour
 + Level 2.3 Dodging
 + Level 4.2 Unarmed Combat
 + Level 2.1 Spellcasting


You knew the following spells:

 Your Spells              Type           Power      Damage    Failure   Level
a - Beastly Appendage     Tmut           26%        N/A       22%         1
b - Wereblood             Tmut           13%        N/A       34%         2
c - Spider Form           Tmut/Pois      13%        N/A       56%         3
d - Ice Form              Ice/Tmut       13%        N/A       92%         4
e - Foxfire               Conj/Fire      52%        2x1d6     22%         1
Your spell library was empty.

Dungeon Overview and Level Annotations

Branches:
Dungeon (3/15)

Altars:

Annotations:
D:3 Pargi


Innate Abilities, Weirdness & Mutations

You are immune to sickness and miasma.
You are immune to poison.
Your flesh is very heat resistant. (rF++)
You are vulnerable to cold. (rC-)
You float through the air rather than walking.
You learn spells naturally, not from books.
Your magical power is your life essence.
You have superior vitality. (+4 MHP)


Message History

Pargi is heavily wounded.
You closely miss Pargi. You headbutt Pargi, but do no damage.
Pargi is heavily wounded.
Pargi bites you but does no damage. Pargi barely misses you. x2
You hit Pargi. Your headbutt misses Pargi.
Pargi is heavily wounded.
Pargi bites you. Pargi barely misses you. Pargi claws you but does no damage.
You hit Pargi. Your headbutt misses Pargi.
Pargi is severely wounded.
Pargi bites you.
* * * LOW HITPOINT WARNING * * *
Pargi misses you. Pargi claws you.
* * * LOW HITPOINT WARNING * * *
You closely miss Pargi. You headbutt Pargi. Your punch misses Pargi.
Pargi is severely wounded.
Pargi closely misses you. Pargi claws you but does no damage.
Pargi closely misses you.
You feel better.
Your horns disappear.
Pargi bites you. Pargi closely misses you. Pargi barely misses you.
It was a potion of brilliance.
You feel clever all of a sudden. Pargi closely misses you. Pargi claws you.
* * * LOW HITPOINT WARNING * * *
Pargi claws you but does no damage.
Casting: Foxfire (safe; 22% risk of failure)
Confirm with . or Enter, or press ? or * to list all spells.
You feel a surge of power!
You miscast Foxfire.
You are very lightly contaminated with residual magic.
Nothing appears to happen.
* * * LOW HITPOINT WARNING * * *
Pargi bites you.
* * * LOW HITPOINT WARNING * * *
Pargi claws you but does no damage. Pargi barely misses you.
Casting: Foxfire (safe; 22% risk of failure)
Confirm with . or Enter, or press ? or * to list all spells.
You feel a surge of power!
You conjure some foxfire!
* * * LOW HITPOINT WARNING * * *
Pargi bites you.
You die...

#. . .## ..# ##+# #
#.# ##...## #. #.# #
##.....## #.##T###.#
##.......###...@....#
#.........####vv.#####
+.........'...........
#.........####...#####
#.......## ....#
##.....## #..#.#
##...## #....# ##'##
##.### #.# #.#


You could see Pargi (ally target).

Vanquished Creatures
  An adder (D:2)
  A worm (D:2)
  A dart slug (D:1)
  5 ball pythons
  4 bats
  4 endoplasms
  4 giant cockroaches
  4 hobgoblins
  4 jackals (D:2)
  3 frilled lizards
  4 goblins
  3 kobolds
  3 rats
41 creatures vanquished.

Vanquished Creatures (others)
  9 foxfires
9 creatures vanquished.

Grand Total: 50 creatures vanquished

Notes
Turn   | Place    | Note
-------+----------+-------------------------------------------
     0 | D:1      | Ninjinzu the Djinni Transmuter began the quest for the Orb.
     0 | D:1      | Ninjinzu set off with the following spells memorised:
                  | Beastly Appendage, Wereblood, Spider Form, Ice Form.
     0 | D:1      | Reached XP level 1. HP: 17/17 MP: 0/0
   258 | D:1      | Reached XP level 2. HP: 15/22 MP: 0/0
   914 | D:1      | Found a faded altar of an unknown god.
  1187 | D:2      | Reached XP level 3. HP: 27/27 MP: 0/0
  1187 | D:2      | Learned a level 1 spell: Foxfire
  1652 | D:2      | Reached skill level 4 in Unarmed Combat
  1691 | D:2      | Reached XP level 4. HP: 32/32 MP: 0/0
  2454 | D:3      | Noticed Pargi
  2482 | D:3      | Slain by Pargi

Illustrated notes

Levels and vault maps discovered:
D:1:      shiori_shiawase, layout_loops_corners,
          chequers_ecumenical_altar_simple
D:2:      layout_basic, minmay_misc_feat_chi
D:3:      layout_loops_corners, uniq_pargi

Skill      XL: |  1  2  3 |
---------------+----------+-----
Spellcasting   | 2 |  2.1
Unarmed Combat | 4 |  4.2
Fighting       | |  1.2
Armour         | |  0.1
Dodging        | |  2.3

Action                     |  1- 3 |  4- 6 || total
---------------------------+-------+-------++-------
  Melee: Unarmed           |   117 |    52 ||   169
         Headbutt          |    14 |     8 ||    22
         Punch             |     2 |       ||     2
   Cast: Beastly Appendage |    24 |     6 ||    30
         Foxfire           |     4 |     3 ||     7
         Wereblood         |     4 |       ||     4
    Use: Potion            |     1 |     2 ||     3
   Stab: Sleeping          |     1 |       ||     1
 Armour: Robe              |    24 |       ||    24
         Ring mail         |     9 |    50 ||    59
  Dodge: Dodged            |    63 |    51 ||   114
